 Dungeon Crawl Stone Soup version 0.18.1-48-g4cf74bf (webtiles) character file.

35 tyrion the Ducker (level 3, -3/32 HPs)
             Began as a Troll Wizard on July 28, 2016.
             Killed from afar by an adder (15 damage)
             ... with an exploding inner flame
             ... hexed by the player character
             ... on level 2 of the Dungeon.
             The game lasted 00:01:42 (989 turns).

tyrion the Ducker (Troll Wizard)                     Turns: 989, Time: 00:01:43

Health: -3/32      AC:  5    Str: 15    XL:     3   Next: 17%
Magic:  1/5        EV: 10    Int: 20    God:
Gold:   56         SH:  0    Dex:  8    Spells: 3 memorised, 1 level left

rFire  . . .     SeeInvis .       - Unarmed
rCold  . . .     Gourm    +     a - +0 robe
rNeg   . . .     Faith    .     (no shield)
rPois  .         Spirit   .     b - +0 hat
rElec  .         Dismiss  .     (no cloak)
rCorr  .         Reflect  .     (gloves unavailable)
SustAt .         Harm     .     (boots unavailable)
MR     .....                    (no amulet)
Stlth  +.........               (no ring)
                                (no ring)

@: brilliant, lethally poisoned (-3 -> -3), not resistant to hostile
enchantments, very unstealthy
A: unfitting armour, claws 3, fast metabolism 3, gourmand, regeneration 2,
shaggy fur 1, tough skin 2
a: no special abilities


You were on level 2 of the Dungeon.
You were not hungry.

You visited 1 branch of the dungeon, and saw 2 of its levels.

You collected 56 gold pieces.

Inventory:

Armour
 a - a +0 robe (worn)
 b - a +0 hat (worn)
Scrolls
 e - a scroll of recharging
 g - a scroll of remove curse
 k - a scroll of teleportation {unknown}
Potions
 f - 2 potions of brilliance
Books
 c - a book of Minor Magic

   Spells                             Type                      Level
   a - Magic Dart                     Conjuration                  1
   b - Blink                          Translocation                2
   c - Call Imp                       Summoning                    2
   d - Repel Missiles                 Charms/Air                   2
   e - Slow                           Hexes                        2
   f - Conjure Flame                  Conjuration/Fire             3
   g - Mephitic Cloud                 Conjuration/Poison/Air       3
Comestibles
 d - 4 bread rations


   Skills:
 + Level 0.8 Fighting
 * Level 2.1 Dodging
 - Level 1.1 Stealth
 * Level 1.1 Unarmed Combat
 + Level 2.1 Spellcasting
 - Level 0.6 Conjurations
   Level 0.6 Summonings
 * Level 0.7 Translocations


You had one spell level left.
You knew the following spells:

 Your Spells              Type           Power        Failure   Level  Hunger
a - Magic Dart            Conj           ###.         1%          1    #......
b - Blink                 Tloc           N/A          2%          2    ##.....
c - Repel Missiles        Chrm/Air       ##....       3%          2    ##.....


Dungeon Overview and Level Annotations

Branches:
Dungeon (2/15)

Altars:


Innate Abilities, Weirdness & Mutations

You are too large for most types of armour.
You have claws for hands.
Your metabolism is lightning-fast.
You like to eat raw meat.
You heal very quickly.
You are covered in fur (AC +1).
You have very tough skin (AC +2).


Message History

Aiming: Magic Dart
Press: ? - help, Shift-Dir - straight line, f - adder
Aim: an adder (heavily wounded, inner flame)
The magic dart hits the adder.
The adder is almost dead.
You miss the adder.
The adder is almost dead.
The adder barely misses you.
You miss the adder.
The adder is almost dead.
The adder closely misses you. The adder bites you.
You are poisoned.
The adder poisons you!
You barely miss the adder.
The adder is almost dead.
You feel sick. The adder closely misses you.
You claw the adder!
The adder explodes!
The fiery explosion engulfs you!
You die...

# # .#. #.# #.# ## #.###
#.. ..#..# #§@.##.#.#
#.#..####§§.#.#.# #
#####.#.....§§§...#.# .#
#..>..##.####..<###.##.####
###.##..##.#
#...............
#.......##.###.#.........#
##...)...##.....#..###.####
...................# #.#
##.....##.########.# #.#


There were no monsters in sight!

Vanquished Creatures
  2 adders (D:2)
  A giant cockroach (D:1)
  3 hobgoblins
  4 jackals (D:1)
  A giant newt (D:1)
  2 goblins
  2 kobolds (D:1)
  4 rats
19 creatures vanquished.

Notes
Turn   | Place    | Note
--------------------------------------------------------------
     0 | D:1      | tyrion the Troll Wizard began the quest for the Orb.
     0 | D:1      | Reached XP level 1. HP: 16/16 MP: 2/2
   280 | D:1      | Reached XP level 2. HP: 19/26 MP: 4/4
   297 | D:1      | Learned a level 2 spell: Blink
   300 | D:1      | Learned a level 2 spell: Repel Missiles
   831 | D:2      | Reached skill level 1 in Unarmed Combat
   896 | D:2      | Reached XP level 3. HP: 14/32 MP: 5/5
   989 | D:2      | Killed from afar by an adder

Skill      XL: |  1  2 |
---------------+-------+-----
Dodging        | 2 |  2.1
Unarmed Combat | 1 |  1.1
Fighting       | |  0.8
Stealth        | |  1.1
Spellcasting   | |  2.1
Conjurations   | |  0.6
Summonings     | |  0.6
Translocations | |  0.7

Action                   || total
-------------------------++-------
Melee: Unarmed           ||   117
 Cast: Blink             ||     2
       Magic Dart        ||     1
  Use: Scroll            ||     3
       Potion            ||     2
  Eat: Chunk             ||    10
Armor: Robe              ||    43
Dodge: Dodged            ||    66
